[Event "73rd PGNiG TERMIKA POL-chW 2021"]
[Site "Bydgoszcz"]
[Date "2021.04.30"]
[Round "2.2"]
[White "Rudzinska, Michalina"]
[Black "Kulon, Klaudia"]
[Result "1/2-1/2"]
[ECO "B34"]
[WhiteElo "2251"]
[BlackElo "2347"]
[Annotator "NA"]
[PlyCount "135"]
[EventDate "2021.04.29"]
[EventType "tourn"]
[EventCountry "POL"]
[SourceTitle "playchess.com"]
[Source "ChessBase"]
[SourceQuality "1"]
[TimeControl "40/5400+30:1800+30"]

1. e4 c5 2. Nf3 Nc6 3. d4 cxd4 4. Nxd4 Nf6 5. Nc3 e5 6. Ndb5 d6 7. a4 a6 8. Na3 Bg4 9. f3 Be6 10. Bc4 Nb4 11. Bg5 Qc7 12. Bb3 h6 13. Bxf6 gxf6 14. O-O h5 15. Kh1 Bh6 16. Nd5 Bxd5 17. Bxd5 Nxd5 18. Qxd5 Qc6 19. Rfd1 Ke7 20. Qb3 Rac8 21. Rd3 Bg5 22. Rad1 Rhd8 23. Rc3 Qd7 24. Rxc8 Qxc8 25. Nc4 h4 26. Nb6 Qc6 27. Rd3 d5 28. Nxd5+ Kf8 29. Rc3 Qd7 30. Qb6 f5 31. Qc5+ Kg7 32. Qc7 Qxa4 33. Qxe5+ f6 34. Qe7+ Kh6 35. Qa3 Qxa3 36. Rxa3 fxe4 37. fxe4 f5 38. Kg1 fxe4 39. c4 Rc8 40. Rc3 Bd2 41. Rb3 Rxc4 42. Rxb7 Rc5 43. Rd7 Rc1+ 44. Kf2 Rc2 45. Ne3 Rxb2 46. Nc4 e3+ 47. Nxe3 Bc1+ 48. Kf3 Rb3 49. Re7 a5 50. Kf2 a4 51. Nc4 Rc3 52. Re4 Bg5 53. Nd6 Rc2+ 54. Kf3 a3 55. Nf7+ Kg6 56. Nxg5 a2 57. Ra4 Kxg5 58. Ra5+ Kf6 59. Kg4 Rxg2+ 60. Kxh4 Rxh2+ 61. Kg3 Rc2 62. Kf3 Ke6 63. Ke3 Rh2 64. Kd3 Rh3+ 65. Kc2 Rh2+ 66. Kb3 Kd6 67. Rxa2 Rxa2 68. Kxa2 1/2-1/2

[Event "73rd PGNiG TERMIKA POL-chW 2021"]
[Site "Bydgoszcz"]
[Date "2021.05.07"]
[Round "9.3"]
[White "Zawadzka, Jolanta"]
[Black "Rajlich, Iweta"]
[Result "0-1"]
[ECO "C11"]
[WhiteElo "2399"]
[BlackElo "2394"]
[Annotator "NA"]
[PlyCount "105"]
[EventDate "2021.04.29"]
[EventType "tourn"]
[EventCountry "POL"]
[SourceTitle "playchess.com"]
[Source "ChessBase"]
[SourceQuality "1"]
[TimeControl "40/5400+30:1800+30"]

1. e4 e6 2. d4 d5 3. Nc3 Nf6 4. Bg5 dxe4 5. Nxe4 Nbd7 6. Nf3 h6 7. Nxf6+ Nxf6 8. Bxf6 Qxf6 9. Qd3 Be7 10. O-O-O O-O 11. Qe4 Rd8 12. g4 Bd6 13. Ne5 Bxe5 14. Qxe5 Qxe5 15. dxe5 Rxd1+ 16. Kxd1 f6 17. Bc4 Kf7 18. Re1 Bd7 19. Kc1 b5 20. Bd3 Ke7 21. Be4 Rg8 22. Re3 a5 23. Rc3 Rc8 24. a4 fxe5 25. axb5 Bxb5 26. Rc5 c6 27. Rxe5 Rf8 28. f3 Kd6 29. Rh5 c5 30. Kd2 Be8 31. Rh3 a4 32. Rg3 g5 33. Rg2 Bc6 34. Ke3 Bd5 35. Rd2 Ke5 36. Bxd5 exd5 37. c3 Rb8 38. h3 Rb3 39. Kd3 a3 40. bxa3 d4 41. Re2+ Kd5 42. Ra2 Rxc3+ 43. Ke2 Re3+ 44. Kf2 Re8 45. a4 d3 46. a5 c4 47. a6 c3 48. a7 c2 49. a8=Q+ Rxa8 50. Rxa8 c1=Q 51. Rd8+ Ke5 52. Rxd3 Qc5+ 53. Ke2 0-1